 Dungeon Crawl Stone Soup version 0.18.1-1-g2f07953 (webtiles) character file.

203 epen the Insei (level 5, -1/41 HPs)
             Began as a Draconian Transmuter on May 6, 2016.
             Killed from afar by an orc wizard (2 damage)
             ... with a puff of flame
             ... on level 4 of the Dungeon.
             The game lasted 00:05:15 (2851 turns).

epen the Insei (Draconian Transmuter)               Turns: 2851, Time: 00:05:16

Health: -1/41      AC:  7    Str: 12    XL:     5   Next: 51%
Magic:  4/8        EV: 13    Int: 13    God:
Gold:   206        SH:  5    Dex: 13    Spells: 3 memorised, 2 levels left

rFire  . . .     SeeInvis .       - Unarmed
rCold  . . .     Gourm    .     (armour unavailable)
rNeg   . . .     Faith    .     (no shield)
rPois  .         Spirit   .     (helmet restricted)
rElec  .         Dismiss  .     (no cloak)
rCorr  .         Reflect  +     g - +0 pair of gloves
SustAt .         Harm     .     (no boots)
MR     .....                    l - +5 amulet of reflection
Stlth  +.........               o - +1 ring of protection
                                e - ring of flight

@: not resistant to hostile enchantments, very unstealthy
A: unfitting armour, cold-blooded, AC +5
a: Evoke Flight


You were on level 4 of the Dungeon.
You were not hungry.

You visited 1 branch of the dungeon, and saw 4 of its levels.

You collected 206 gold pieces.

Inventory:

Missiles
 a - 59 arrows
Armour
 g - a +0 pair of gloves (worn)
Jewellery
 e - a ring of flight (left hand)
 l - a +5 amulet of reflection (around neck)
 o - a +1 ring of protection (right hand)
Wands
 m - a wand of iceblast (8/15)
 v - a wand of random effects (28/48)
 y - a wand of flame (30/48)
Scrolls
 h - 4 scrolls of identify {unknown}
 i - 5 scrolls of remove curse {unknown}
 j - a scroll of amnesia
 p - a scroll of noise {unknown}
 q - a scroll of enchant armour {unknown}
 r - a scroll of teleportation {unknown}
 A - a scroll of fear {unknown}
Potions
 d - a potion of brilliance {unknown}
 k - a potion of heal wounds {unknown}
 n - a potion of mutation {unknown}
 s - 2 potions of invisibility {unknown}
 u - a potion of curing {unknown}
 z - a potion of degeneration {unknown}
Books
 b - a book of Changes

   Spells                             Type                      Level
   a - Beastly Appendage              Transmutation                1
   b - Sticks to Snakes               Transmutation                2
   c - Spider Form                    Transmutation/Poison         3
   d - Ice Form                       Ice/Transmutation            4
   e - Blade Hands                    Transmutation                5
Comestibles
 c - 4 bread rations
 f - 2 meat rations
 t - 2 fruits
 w - 2 beef jerkies
 x - a royal jelly


   Skills:
 + Level 2.1 Fighting
 + Level 2.7 Dodging
 * Level 4.2 Unarmed Combat
 + Level 2.3 Spellcasting
 * Level 3.6 Transmutations


You had 2 spell levels left.
You knew the following spells:

 Your Spells              Type           Power        Failure   Level  Hunger
a - Beastly Appendage     Trmt           ##....       8%          1    #......
b - Sticks to Snakes      Trmt           ##......     10%         2    ###....
c - Spider Form           Trmt/Pois      #.........   38%         3    ###....


Dungeon Overview and Level Annotations

Branches:
Dungeon (4/15)
 Temple: D:4-7

Altars:
Okawaru
The Shining One


Innate Abilities, Weirdness & Mutations

Your plain brown scales are hard (AC +5).
Your body does not fit into most forms of armour.
You are cold-blooded and may be slowed by cold attacks.


Message History

As you read the scroll labeled JUENACLY LERY, it crumbles to dust.
It is a scroll of amnesia.
Forget which spell ([?*] list [ESC] exit)?
Forget which spell ([?*] list [ESC] exit)?
Okay, then.
Something hits you but does no damage. The orc hits you with a war axe.
* * * LOW HITPOINT WARNING * * *
You block the scorpion's attack.
Casting: Sticks to Snakes
Confirm with . or Enter, or press ? or * to list all spells.
You create a snake!
You now have 59 arrows.
Something hits you but does no damage. The orc hits you with a war axe!
* * * LOW HITPOINT WARNING * * *
Something hits you but does no damage. The scorpion misses you.
Your ball python bites the scorpion but does no damage.
Your ball python closely misses the scorpion.
You hear some strange, mumbled words.
A puff of flame appears from out of thin air!
The puff of flame hits you!
You die...

#....# ####### ##....##
#.....# #....... #.....#
#....... #....$# #.....(.
#.....# #....... +.....#
#....... #..$..# #.......
#@....#####.......
#.........#.......
#.o.......#.......
#########.........########
.......s..........#
......S)..........#
..................########
.)........................
..........#####.##.#######


You could see an orc.

Vanquished Creatures
  An iguana (D:3)
  3 worker ants (D:4)
  3 adders
  An ooze (D:1)
  2 dart slugs
  3 giant geckos
  2 orcs
  7 giant cockroaches
  4 goblins
  4 hobgoblins
  3 jackals (D:1)
  3 quokkas
  2 bats
  A giant gecko skeleton (D:3)
  3 giant newts
  7 kobolds
  15 rats
64 creatures vanquished.

Vanquished Creatures (collateral kills)
  An adder (D:3)
  An orc (D:4)
  A bat (D:3)
  A giant newt (D:3)
  A kobold (D:3)
5 creatures vanquished.

Grand Total: 69 creatures vanquished

Notes
Turn   | Place    | Note
--------------------------------------------------------------
     0 | D:1      | epen the Draconian Transmuter began the quest for the Orb.
     0 | D:1      | Reached XP level 1. HP: 16/16 MP: 3/3
   201 | D:1      | Reached XP level 2. HP: 17/23 MP: 5/5
   736 | D:1      | Reached XP level 3. HP: 22/28 MP: 6/6
   822 | D:1      | Learned a level 2 spell: Sticks to Snakes
   826 | D:1      | Learned a level 3 spell: Spider Form
  1004 | D:2      | Found a glowing golden altar of the Shining One.
  1639 | D:2      | Found an iron altar of Okawaru.
  2049 | D:3      | Reached XP level 4. HP: 31/36 MP: 3/7
  2573 | D:4      | Reached skill level 4 in Unarmed Combat
  2573 | D:4      | Reached XP level 5. HP: 37/41 MP: 8/8
  2847 | D:4      | HP: 1/41 [orc/war axe (7)]
  2851 | D:4      | Killed from afar by an orc wizard

Skill      XL: |  1  2  3  4  5 |
---------------+----------------+-----
Dodging        | 2 |  2.7
Transmutations | 3 |  3.6
Unarmed Combat | 4 |  4.2
Fighting       | 2 |  2.1
Spellcasting   | |  2.3

Action                   |  1- 3 |  4- 6 || total
-------------------------+-------+-------++-------
Melee: Unarmed           |   181 |   108 ||   289
       Tailslap          |    18 |    11 ||    29
       Punch             |     1 |       ||     1
 Cast: Sticks to Snakes  |     2 |     8 ||    10
  Use: Scroll            |       |     1 ||     1
 Stab: Sleeping          |     3 |     1 ||     4
       Distracted        |       |     1 ||     1
  Eat: Chunk             |     3 |     4 ||     7
Armor: Skin              |    53 |    36 ||    89
Dodge: Dodged            |   100 |    40 ||   140
Block: Other             |    21 |    26 ||    47
       Reflection        |     1 |       ||     1
